 Dungeon Crawl Stone Soup version 0.23.2 (webtiles) character file.

Game seed: 12786505308903039946

25761 nuthulu the Brawler (level 12, -4/126 HPs)
             Began as a Troll Berserker on Mar 31, 2019.
             Was a High Priest of Trog.
             Splashed by an oklob plant's acid (18 damage)
             ... on level 3 of the Lair of Beasts.
             The game lasted 00:24:19 (14002 turns).

nuthulu the Brawler (Troll Berserker)              Turns: 14002, Time: 00:24:20

Health: -4/126     AC:  1    Str: 35    XL:     12   Next: 92%
Magic:  11/11      EV: 16    Int:  6    God:    Trog [*****.]
Gold:   1041       SH:  0    Dex: 17    Spells: 11/11 levels left

rFire    + + .     SeeInvis .     - Unarmed
rCold    + . .     Gourm    +   (no shield)
rNeg     . . .     Faith    .   E - +2 robe {rC+ rF+}
rPois    +         Spirit   .   (helmet restricted)
rElec    +         Reflect  .   h - +2 cloak
rCorr    .         Harm     +   (gloves unavailable)
MR       ++...                  (boots unavailable)
Stlth    ++........             a - amulet of Xoifuof {Harm *Drain rF+ Str+7}
HPRegen  1.71/turn              p - ring "Feshroinij" {*Drain rElec rPois Int+3 Slay+2}
MPRegen  0.12/turn              A - +4 ring of dexterity

@: corroded, regenerating
A: large, unfitting armour, claws 3, iridescent scales 1, fast metabolism 3,
gourmand, regeneration 1, shaggy fur 1, tough skin 3, MP-powered wands
a: Berserk, Trog's Hand, Brothers in Arms, Renounce Religion


You were on level 3 of the Lair of Beasts.
You worshipped Trog.
Trog was extremely pleased with you.
You were very full.

You visited 2 branches of the dungeon, and saw 15 of its levels.
You also visited: Bailey.

You collected 1041 gold pieces.

Inventory:

Missiles
 q - 2 throwing nets (quivered)
Armour
 h - a +2 cloak (worn)
 E - a +2 robe of resistance (worn)
Jewellery
 a - the amulet of Xoifuof (around neck) {Harm *Drain rF+ Str+7}
   (You found it on level 10 of the Dungeon)

   [amulet of harm]

   It increases damage dealt and taken.
   It affects your strength (+7).
   It protects you from fire.
   It causes draining when unequipped.
 p - the ring "Feshroinij" (left claw) {*Drain rElec rPois Int+3 Slay+2}
   (You found it on level 9 of the Dungeon)

   [ring of poison resistance]

   It affects your intelligence (+3).
   It affects your accuracy and damage with ranged weapons and melee attacks
   (+2).
   It insulates you from electricity.
   It protects you from poison.
   It causes draining when unequipped.
 A - a +4 ring of dexterity (right claw)
Wands
 d - a wand of flame (14)
 n - a wand of iceblast (4)
 s - a wand of acid (3)
 v - a wand of random effects (31)
 y - a wand of paralysis (8)
Scrolls
 e - 2 scrolls of magic mapping
 i - 4 scrolls of teleportation
 j - 3 scrolls of remove curse
 r - 4 scrolls of fear
Potions
 c - 5 potions of heal wounds
 f - 4 potions of lignification
 g - a potion of invisibility
 k - 2 potions of ambrosia
 l - 7 potions of curing
 m - a potion of might
 o - 2 potions of mutation
 t - a potion of brilliance
 u - 3 potions of haste
 x - a potion of flight {unknown}
 z - 4 potions of magic
 B - a potion of experience {unknown}
 D - a potion of berserk rage {unknown}
Comestibles
 b - 34 rations
 w - a chunk of flesh


   Skills:
 + Level 9.7 Fighting
 + Level 9.8 Dodging
 * Level 15.1 Unarmed Combat


You had 11 spell levels left.
You didn't know any spells.
Your spell library was empty.

Dungeon Overview and Level Annotations

Branches:
Dungeon (11/15)            Temple (0/1) D:4            Lair (4/6) D:11
  Snake (0/4) Lair:2
  Swamp: Lair:2-4    Shoals: Lair:2-4       Orc: D:9-12

Altars:
Ashenzari
Dithmenos
Fedhas
Gozag
Makhleb
Qazlal
Ru
Wu Jian
Xom
Yredelemnul

Shops:
D:4 *   D:11 [

Annotations:
Lair:3 exclusion: 4 oklob plants


Innate Abilities, Weirdness & Mutations

You are too large for most types of armour.
You have claws for hands.
Your metabolism is lightning-fast.
You like to eat raw meat.
Your natural rate of healing is unusually fast.
You are covered in fur. (AC +1)
You have extremely tough skin. (AC +3)
You are partially covered in iridescent scales. (AC +2)
You expend magic power (3 MP) to strengthen your wands.


Message History

Marking area around the oklob plant as unsafe for travelling.
An oklob plant comes into view.
Found a scroll labeled ONELYERUSE and a scroll of identify.
The oklob plant spits acid at you. The splash of acid hits you!
The acid corrodes you!
You are splashed with acid!
Found a gnarled runed staff and 19 gold pieces.
Your skin crawls.
You feel resistant to hostile enchantments.
You feel somewhat less full. The oklob plant spits acid at you.
The splash of acid hits you! The acid corrodes you!
You are splashed with acid!
Your troll goes berserk!
The oklob plant spits acid at you. The splash of acid hits you.
The acid corrodes you!
You are splashed with acid!
* * * LOW HITPOINT WARNING * * *
The oklob plant spits acid at you. The splash of acid hits you!!
* * * LOW HITPOINT WARNING * * *
You are splashed with acid!
You die...

............##.##.###........#.#.
.......#.#...###..##.#......#..##
.#P##..##....#.....<##......##...
.###..P##...................#....
.# #...###..........#.......##...
.###...##P...รท.......#...........
.##P...##...##......##......##...
.###.P.###...........P.......#..#
.P.#'#...#..#...@T..........##...
............P.#P.PPP#............
..............#.PP?.#............
#####P.#.#.#.##...?.###P##...####
###########?.%P?# ###.#.## #
#?P?..# ##### #|...$# #######


You could see 4 oklob plants and a friendly troll (berserk).

Vanquished Creatures
  A fire dragon (D:11)
  A centaur warrior (D:9)
  A hydra (Lair:2)
  4 two-headed ogres
  The ghost of night the Thaumaturge, a novice DECj of Nemelex Xobeh (D:8)
  A manticore (D:11)
  A cyclops (D:9)
  A black mamba (Lair:1)
  Psyche (D:10)
  A torpor snail (Lair:3)
  A rime drake (Lair:3)
  7 spiny frogs
  2 kobold demonologists
  7 komodo dragons
  A polar bear (Lair:3)
  A tengu conjurer (D:9)
  A slime creature (D:9)
  Prince Ribbit (D:7)
  6 blink frogs
  2 hippogriffs
  A vampire (D:9)
  15 yaks
  A wraith (D:11)
  A wyvern (D:10)
  A basilisk (Lair:2)
  A vampire mosquito (D:9)
  7 porcupines
  2 water moccasins
  15 orc warriors
  2 ice beasts
  A black bear (D:8)
  2 sky beasts
  2 phantoms
  8 centaurs
  6 ogres
  A necrophage (D:9)
  3 wolves (Lair:2)
  5 crocodiles
  4 big kobolds
  A gnoll sergeant (D:5)
  16 bullfrogs
  4 scorpions
  5 killer bees (D:11)
  5 howler monkeys
  A centaur zombie (D:9)
  5 crimson imps
  5 quasits
  6 hounds
  7 orc priests
  4 bullfrog skeletons
  2 gnoll shamans (D:4)
  5 jellies
  12 orc wizards
  3 iguanas
  8 worker ants
  A killer bee zombie (D:8)
  4 hound skeletons
  A howler monkey zombie (D:5)
  2 worker ant zombies
  55 gnolls
  A howler monkey skeleton (D:6)
  4 adders
  6 shadow imps
  5 oozes (D:10)
  A worm (D:2)
  2 dart slugs
  7 leopard geckos
  52 orcs
  4 ball pythons
  2 bats (D:3)
  3 giant cockroaches
  2 gnoll zombies (D:2)
  13 goblins
  6 hobgoblins
  20 jackals
  30 kobolds
  6 quokkas
  4 frilled lizards
  A quokka skeleton (D:8)
  8 rats
  A plant (D:1)
450 creatures vanquished.

Vanquished Creatures (collateral kills)
  An ice beast (D:8)
  A shadow imp (D:8)
  An orc (D:8)
3 creatures vanquished.

Vanquished Creatures (others)
  An orc warrior (D:9)
  A bullfrog (D:9)
  A fungus (Lair:2)
  A plant (Lair:3)
4 creatures vanquished.

Grand Total: 457 creatures vanquished

Notes
Turn   | Place    | Note
-------+----------+-------------------------------------------
     0 | D:1      | nuthulu the Troll Berserker began the quest for the Orb.
     0 | D:1      | Reached XP level 1. HP: 22/22 MP: 0/0
   114 | D:1      | Reached XP level 2. HP: 29/29 MP: 1/1
   541 | D:1      | Reached XP level 3. HP: 36/36 MP: 2/2
   704 | D:2      | Found a shimmering altar of Xom.
   738 | D:2      | Reached ** piety under Trog
  1018 | D:2      | Reached XP level 4. HP: 45/45 MP: 3/3
  1177 | D:2      | Found a basalt altar of Yredelemnul.
  1340 | D:3      | Found a blossoming altar of Fedhas.
  1442 | D:3      | Found a shadowy altar of Dithmenos.
  1461 | D:3      | Reached skill level 4 in Unarmed Combat
  1936 | D:4      | Noticed an ogre
  1944 | D:4      | Killed an ogre
  1944 | D:4      | Reached XP level 5. HP: 53/53 MP: 4/4
  2122 | D:4      | Noticed an ogre
  2128 | D:4      | Killed an ogre
  2128 | D:4      | Reached skill level 5 in Unarmed Combat
  2128 | D:4      | Reached XP level 6. HP: 61/61 MP: 5/5
  2211 | D:4      | Reached *** piety under Trog
  2444 | D:4      | Reached XP level 7. HP: 52/70 MP: 6/6
  2524 | D:4      | Reached skill level 6 in Unarmed Combat
  2593 | D:4      | Found a staircase to the Ecumenical Temple.
  3212 | D:4      | Reached **** piety under Trog
  3285 | D:4      | Reached skill level 7 in Unarmed Combat
  3639 | D:4      | Reached XP level 8. HP: 79/79 MP: 7/7
  3668 | D:4      | Found Ehoeprui's General Store.
  4017 | D:5      | Entered Level 5 of the Dungeon
  4500 | D:5      | Found an opulent altar of Gozag.
  4615 | D:5      | Reached skill level 5 in Dodging
  4622 | D:5      | Reached skill level 5 in Fighting
  5058 | D:6      | Reached skill level 8 in Unarmed Combat
  5436 | D:6      | Reached XP level 9. HP: 50/88 MP: 8/8
  5525 | D:6      | Found a burning altar of Makhleb.
  5680 | D:6      | Reached skill level 9 in Unarmed Combat
  5739 | D:6      | Found an ornate altar of the Wu Jian Council.
  6015 | D:6      | Noticed a komodo dragon
  6019 | D:6      | Killed a komodo dragon
  6234 | D:7      | Noticed Prince Ribbit
  6254 | D:7      | Killed Prince Ribbit
  6312 | D:7      | Reached ***** piety under Trog
  6396 | D:7      | Reached skill level 10 in Unarmed Combat
  6660 | D:7      | Found a shattered altar of Ashenzari.
  6971 | D:8      | Gained mutation: You are partially covered in iridescent
                  | scales. (AC +2) [potion of mutation]
  6971 | D:8      | Gained mutation: You expend magic power (3 MP) to
                  | strengthen your wands. [potion of mutation]
  6978 | D:8      | Reached XP level 10. HP: 16/100 MP: 9/9
  6982 | D:8      | HP: 5/150 [orc priest/divine providence (16)]
  6987 | D:8      | HP: 7/150 [something (3)]
  6997 | D:8      | HP: 4/100 [something/puff of flame (10)]
  7283 | D:8      | Found a transporter.
  7287 | D:8      | Noticed night's ghost (novice DECj)
  7500 | D:8      | Found a transporter.
  7664 | D:8      | Killed night's ghost
  7664 | D:8      | Reached skill level 11 in Unarmed Combat
  7817 | D:9      | Noticed a centaur warrior
  7847 | D:9      | Killed a centaur warrior
  7929 | D:9      | Noticed a cyclops
  7937 | D:9      | Killed a cyclops
  7944 | D:9      | Reached skill level 12 in Unarmed Combat
  7976 | D:9      | Noticed a two-headed ogre
  7989 | D:9      | Killed a two-headed ogre
  7989 | D:9      | Reached XP level 11. HP: 110/110 MP: 10/10
  8051 | D:9      | Noticed a two-headed ogre
  8073 | D:9      | Killed a two-headed ogre
  8134 | D:9      | Got a heavily runed platinum ring
  8147 | D:9      | Identified the ring "Feshroinij" {*Drain rElec rPois Int+3
                  | Slay+2} (You found it on level 9 of the Dungeon)
  8155 | D:9      | Found a sacrificial altar of Ru.
  8253 | D:9      | Found a flagged portal.
  8281 | Bailey   | Entered a bailey
  8535 | Bailey   | Received a gift from Trog
  8924 | D:9      | Found a stormy altar of Qazlal.
  9221 | D:10     | Entered Level 10 of the Dungeon
  9365 | D:10     | Noticed Psyche
  9372 | D:10     | Killed Psyche
  9560 | D:10     | Noticed a two-headed ogre
  9567 | D:10     | Killed a two-headed ogre
  9567 | D:10     | Reached skill level 13 in Unarmed Combat
  9943 | D:10     | Got a glittering ivory amulet
  9945 | D:10     | Identified the amulet of Xoifuof {Harm *Drain rF+ Str+7}
                  | (You found it on level 10 of the Dungeon)
 10356 | D:11     | Found a staircase to the Lair.
 10358 | D:11     | Noticed a fire dragon
 10385 | D:11     | Killed a fire dragon
 10773 | D:11     | Reached XP level 12. HP: 122/122 MP: 11/11
 10865 | D:11     | Found Igeniv's Armour Shop.
 10908 | D:11     | Noticed a two-headed ogre
 10913 | D:11     | Killed a two-headed ogre
 10985 | Lair:1   | Entered Level 1 of the Lair of Beasts
 11012 | Lair:1   | Received a gift from Trog
 11325 | Lair:1   | Reached skill level 14 in Unarmed Combat
 11792 | Lair:2   | Noticed an eight-headed hydra
 11797 | Lair:2   | Killed an eight-headed hydra
 11993 | Lair:2   | Found a staircase to the Snake Pit.
 13250 | Lair:3   | Reached skill level 15 in Unarmed Combat
 14002 | Lair:3   | Splashed by an oklob plant's acid

Skill      XL: |  1  2  3  4  5  6  7  8  9 10 11 12 |
---------------+-------------------------------------+-----
Dodging        | 3 4 5 6 7 8 9 |  9.8
Fighting       | 3 4 5 6 7 8 9 |  9.7
Unarmed Combat | 4 5 7 8 10 12 13 15 | 15.1

Action                   |  1- 3 |  4- 6 |  7- 9 | 10-12 || total
-------------------------+-------+-------+-------+-------++-------
Melee: Unarmed           |    96 |   122 |   449 |   493 ||  1160
       Punch             |     4 |       |    14 |    46 ||    64
Throw: Throwing net      |       |       |       |     5 ||     5
Invok: Berserk           |       |     2 |     1 |       ||     3
       Trog's Hand       |       |     2 |     4 |     5 ||    11
       Brothers in Arms  |       |       |     1 |     1 ||     2
Evoke: Wand              |       |       |       |     4 ||     4
  Use: Scroll            |     4 |     5 |     4 |    10 ||    23
       Potion            |       |       |     2 |       ||     2
 Stab: Sleeping          |     2 |     2 |     1 |     3 ||     8
       Held in net/web   |       |       |       |     4 ||     4
       Confused          |       |       |       |     1 ||     1
  Eat: Chunk             |    15 |    15 |    43 |    68 ||   141
Armor: Animal skin       |    34 |    35 |   232 |    95 ||   396
       Robe              |       |       |       |    64 ||    64
Dodge: Dodged            |    31 |    67 |   348 |   576 ||  1022
